 Dungeon Crawl Stone Soup version 0.28-a0-1506-g3893175d92 (webtiles) character file.

Game seed: 11891366100317242733

27718 Ijustatesigmund the Timeless (level 13, -7/178 HPs)
             Began as a Hill Orc Fighter on Jan 14, 2022.
             Was a High Priest of Cheibriados.
             Mangled by an enormous slime creature (70 damage)
             ... on level 12 of the Dungeon.
             The game lasted 00:28:38 (14189 turns).

Ijustatesigmund the Timeless (Hill Orc Fighter)    Turns: 14189, Time: 00:28:39

Health: -7/178     AC: 30    Str: 34    XL:     13   Next: 34%
Magic:  20/23      EV:  2    Int: 20    God:    Cheibriados [*****.]
Gold:   247        SH: 21    Dex: 29    Spells: 10/12 levels left

rFire   + + .      SeeInvis .   a - +1 war axe (vamp)
rCold   . . .      Faith    .   c - +7 kite shield of the Black Moon {rF++ Regen+ Int-2 Dex+3}
rNeg    . . .      Spirit   .   (armour currently unavailable)
rPois   +          Reflect  .   (helmet currently unavailable)
rElec   .          Harm     .   (cloak currently unavailable)
rCorr   .          Rampage  .   (gloves currently unavailable)
Will    .....      NoTele   +   (boots currently unavailable)
Stlth   ++........              G - amulet of regeneration
HPRegen 1.99/turn               h - +4 ring of protection
MPRegen 0.18/turn               k - +6 ring of dexterity

@: mighty, tree-form (expiring), very slow
A: stationary, stasis, torment immunity, boosted hp, clumsy 1
a: Renounce Religion, Bend Time, Temporal Distortion, Slouch, Step From Time


You were on level 12 of the Dungeon.
You worshipped Cheibriados.
Cheibriados was extremely pleased with you.
You were a tree.
You visited 3 branches of the dungeon, and saw 15 of its levels.

You collected 1402 gold pieces.
You spent 1155 gold pieces at shops.

Inventory:

Hand Weapons
 a - a +1 vampiric war axe (weapon)
 j - a +4 whip
Missiles
 D - 3 throwing nets (quivered)
Armour
 b - a +2 ring mail of fire resistance (melded)
 c - the +7 kite shield of the Black Moon (worn) {rF++ Regen+ Int-2 Dex+3}
   (You acquired it on level 2 of the Orcish Mines)

   Int:       It affects your intelligence (-2).
   Dex:       It affects your dexterity (+3).
   rF:        It greatly protects you from fire.
   Regen:     It increases your rate of health regeneration.
 i - a +2 pair of boots (melded)
 r - a +2 pair of gloves (melded)
 u - a +1 cloak (melded)
 E - a +1 helmet (melded)
 I - +0 ice dragon scales
Jewellery
 h - a +4 ring of protection (left branch)
 k - a +6 ring of dexterity (right branch)
 v - a ring of wizardry
 x - an amulet of reflection
 B - a ring of resist corrosion
 G - an amulet of regeneration (around neck)
 M - the amulet "Onow" {RegenMP Regen+ Stlth+}
   (You found it on level 12 of the Dungeon)

   [amulet of magic regeneration]

   It increases your rate of magic regeneration.
   Regen:     It increases your rate of health regeneration.
   Stlth:     It makes you more stealthy.
Wands
 d - a wand of flame (28)
 y - a wand of polymorph (7)
 H - a wand of digging (11)
 L - a wand of mindburst (5)
Scrolls
 g - 6 scrolls of identify
 n - 4 scrolls of magic mapping
 p - 2 scrolls of brand weapon
 q - a scroll of enchant armour
 t - a scroll of amnesia
 z - a scroll of blinking
 J - a scroll of enchant weapon
Potions
 e - 4 potions of curing
 f - 2 potions of resistance
 l - a potion of mutation
 m - 4 potions of attraction
 o - 2 potions of heal wounds
 s - 3 potions of flight
 w - a potion of magic
 C - a potion of invisibility


   Skills:
 + Level 12.8 Fighting
 + Level 14.6 Axes
 - Level 7.1 Armour
 - Level 1.3 Dodging
 + Level 8.8 Shields
 - Level 5.2 Translocations
 + Level 14.6 Invocations
 - Level 3.3 Evocations


You had 10 spell levels left.
You knew the following spells:

 Your Spells              Type           Power      Damage    Failure   Level
a - Blink                 Tloc           40%        N/A       9%          2

Your spell library contained the following spells:

 Spells                   Type           Power      Damage    Failure   Level
 Lesser Beckoning         Tloc           20%        N/A       16%         3
 Animate Skeleton         Necr           0%         N/A       41%         1
 Pain                     Necr           0%         1d4       41%         1
 Scorch                   Fire           0%         2d5       56%         2
 Sublimation of Blood     Necr           0%         N/A       56%         2
 Vampiric Draining        Necr           0%         2d6       80%         3
 Manifold Assault         Tloc           20%        N/A       83%         5
 Flame Wave               Conj/Fire      0%         2d4       99%         4
 Hailstorm                Conj/Ice       0%         3d3       99%         4
 Ice Form                 Ice/Tmut       0%         N/A       99%         4
 Olgreb's Toxic Radiance  Pois           0%         N/A       99%         4
 Petrify                  Tmut/Erth      0%         N/A       99%         4
 Fireball                 Conj/Fire      0%         3d3       100%        5
 Irradiate                Conj/Tmut      0%         3d14      100%        5
 Iskenderun's Battlesphe  Conj           0%         2d6       100%        5
 Conjure Ball Lightning   Conj/Air       0%         3x3d6     100%        6
 Simulacrum               Ice/Necr       0%         N/A       100%        6
 Starburst                Conj/Fire      0%         6d3       100%        6
 Summon Cactus Giant      Summ           0%         N/A       100%        6
 Orb of Destruction       Conj           0%         N/A       100%        7
 Ozocubu's Refrigeration  Ice            0%         4d5       100%        7
 Storm Form               Tmut/Air       0%         N/A       100%        7
 Ignition                 Fire           0%         3d3       100%        8


Dungeon Overview and Level Annotations

Branches:
Dungeon (12/15)            Temple (1/1) D:4            Lair (0/6) D:11
    Orc (2/2) D:9             Elf (0/3) Orc:2

Altars:
Ashenzari
Cheibriados
Dithmenos
Elyvilon
Fedhas
Gozag
Hepliaklqana
Kikubaaqudgha
Makhleb
Nemelex Xobeh
Okawaru
Qazlal
Ru
Sif Muna
Trog
Uskayaw
Vehumet
Wu Jian
Xom
Yredelemnul
Zin
The Shining One
Beogh

Shops:
Orc:2 =?![

Annotations:
D:9 exclusion: ice statue


Innate Abilities, Weirdness & Mutations

You are a tree.
Your roots penetrate the ground, keeping you stationary.
You cannot be teleported.
You are immune to unholy pain and torment.
Your maximum health is greatly increased.
Your equipment is partially melded.
You are clumsy. (Dex -2)


Message History

You block the enormous slime creature's attack.
You completely miss the enormous slime creature.
The enormous slime creature is moderately wounded.
You block the enormous slime creature's attack.
You slice the enormous slime creature!!
The enormous slime creature is heavily wounded.
You block the enormous slime creature's attack.
You slice the enormous slime creature!!
The enormous slime creature is heavily wounded.
You block the enormous slime creature's attack.
You slash the enormous slime creature!
The enormous slime creature is heavily wounded.
You block the enormous slime creature's attack.
You slice the enormous slime creature!!
The enormous slime creature is severely wounded.
You block the enormous slime creature's attack.
You slash the enormous slime creature!
The enormous slime creature is severely wounded.
The enormous slime creature hits you!!!
You slash the enormous slime creature!
You feel better.
The enormous slime creature is severely wounded.
You block the enormous slime creature's attack.
You slash the enormous slime creature!
The enormous slime creature is severely wounded.
The enormous slime creature hits you!!!!
* * * LOW HITPOINT WARNING * * *
You feel much better.
You block the enormous slime creature's attack.
The flow of time bends around you.
Cheibriados rebukes the enormous slime creature.
The enormous slime creature seems to slow down.
The enormous slime creature hits you!!
* * * LOW HITPOINT WARNING * * *
You slash the enormous slime creature!
You feel better.
The enormous slime creature is almost dead.
Your transformation is almost over.
You slice the enormous slime creature!!
The enormous slime creature is almost dead.
The enormous slime creature hits you!!!
You die...

#### #... ##########
#####...
....[....####.......
########....###...###...
.....CJ♣........### #...
......########### ####
.#### #


You could see an enormous slime creature (slow) and a cyclops.

Vanquished Creatures
  An ettin (Orc:2)
  Harold (D:9)
  A hydra (D:12)
  A boulder beetle (D:11)
  An ice dragon (D:11)
  4 ogre magi (Orc:2)
  3 centaur warriors (D:11)
  A two-headed ogre (D:11)
  A death knight (D:11)
  A tengu warrior (D:11)
  Urug (Orc:2)
  An orc high priest (Orc:1)
  Pikel (D:5)
  A deep elf pyromancer (D:10)
  An orc knight (Orc:1)
  3 cyclopes
  6 orc sorcerers (Orc:2)
  A manticore (D:11)
  A komodo dragon (D:11)
  A yaktaur (D:11)
  2 unseen horrors (D:11)
  5 trolls
  A queen bee (shapeshifter) (D:11)
  A hornet (D:10)
  A slime creature (D:11)
  Sigmund (D:6)
  A shadow (D:11)
  2 wyverns
  A wyvern (shapeshifter) (D:11)
  4 fire bats (Orc:1)
  A fire elemental (Orc:1)
  3 vampire mosquitoes (D:12)
  5 wargs
  2 water moccasins
  2 acid dragons (D:11)
  Duvessa (D:5)
  A hornet zombie (D:6)
  13 orc warriors
  An ice beast (D:7)
  16 ogres
  2 necrophages
  6 centaurs
  4 scorpions
  A bullfrog (D:6)
  A water moccasin zombie (D:5)
  A water moccasin skeleton (D:6)
  Dowan (D:5)
  3 howler monkeys
  4 wights (D:7)
  An electric eel (Orc:2)
  2 hounds
  5 centaur zombies
  10 orc priests
  A bullfrog skeleton (D:5)
  2 gnoll shamans
  Terence (D:3)
  39 orc wizards
  Natasha (thrice) (D:3)
  4 iguanas
  2 killer bee zombies
  A howler monkey zombie (D:9)
  11 gnolls
  Robin (D:3)
  11 adders
  3 white imps
  A worm (D:5)
  A dart slug (D:4)
  71 orcs
  3 bats
  5 endoplasms
  4 giant cockroaches (D:1)
  15 goblins
  12 hobgoblins
  2 quokkas
  8 ball pythons
  3 frilled lizards
  7 kobolds
  3 rats
351 creatures vanquished.

Vanquished Creatures (others)
  An orc wizard (Orc:2)
  41 plants (D:11)
42 creatures vanquished.

Grand Total: 393 creatures vanquished

Notes
Turn   | Place    | Note
-------+----------+-------------------------------------------
     0 | D:1      | Ijustatesigmund the Hill Orc Fighter began the quest for
                  | the Orb.
     0 | D:1      | Reached XP level 1. HP: 19/19 MP: 1/1
    82 | D:1      | Reached XP level 2. HP: 26/26 MP: 2/2
   878 | D:1      | Reached XP level 3. HP: 31/31 MP: 3/3
  1598 | D:2      | Reached skill level 5 in Axes
  1791 | D:2      | Reached XP level 4. HP: 39/39 MP: 4/4
  1903 | D:2      | Found a faded altar of an unknown god.
  2125 | D:3      | Noticed Natasha
  2142 | D:3      | Killed Natasha
  2368 | D:3      | Noticed Robin
  2384 | D:3      | Killed Robin
  2390 | D:3      | Reached XP level 5. HP: 44/46 MP: 5/5
  2434 | D:3      | Noticed Natasha
  2441 | D:3      | Killed Natasha
  2490 | D:3      | Found a white marble altar of Elyvilon.
  2596 | D:3      | Noticed Natasha
  2606 | D:3      | Killed Natasha
  2687 | D:3      | Reached XP level 6. HP: 55/55 MP: 6/6
  2740 | D:3      | Noticed Terence
  2746 | D:3      | Killed Terence
  2747 | D:3      | Reached skill level 5 in Fighting
  3183 | D:4      | Noticed a necrophage
  3190 | D:4      | Killed a necrophage
  3278 | D:4      | Reached XP level 7. HP: 54/63 MP: 7/7
  3642 | D:4      | Found a staircase to the Ecumenical Temple.
  3647 | Temple   | Entered the Ecumenical Temple
  3906 | Temple   | Became a worshipper of Cheibriados the Contemplative
  4209 | D:5      | Entered Level 5 of the Dungeon
  4272 | D:5      | Reached skill level 1 in Invocations
  4568 | D:5      | Reached XP level 8. HP: 62/71 MP: 8/10
  4622 | D:5      | Noticed Dowan
  4625 | D:5      | Noticed Duvessa
  4636 | D:5      | Killed Dowan
  4639 | D:5      | Killed Duvessa
  4791 | D:5      | Noticed Pikel
  4811 | D:5      | Killed Pikel
  4812 | D:5      | Reached skill level 5 in Armour
  4818 | D:5      | Reached * piety under Cheibriados
  4819 | D:5      | Reached skill level 5 in Invocations
  5111 | D:6      | Noticed Sigmund
  5116 | D:6      | Killed Sigmund
  5117 | D:6      | Reached skill level 10 in Axes
  5117 | D:6      | Reached XP level 9. HP: 81/81 MP: 11/13
  6383 | D:7      | Reached ** piety under Cheibriados
  7594 | D:8      | Learned a level 2 spell: Blink
  7936 | D:9      | Reached XP level 10. HP: 91/91 MP: 15/15
  7943 | D:9      | Reached skill level 1 in Dodging
  8003 | D:9      | Noticed an ice statue
  8118 | D:9      | Found a staircase to the Orcish Mines.
  8303 | D:9      | Reached *** piety under Cheibriados
  8538 | D:9      | Reached skill level 1 in Translocations
  8591 | D:9      | Noticed Harold
  8602 | D:9      | Killed Harold
  8969 | D:10     | Entered Level 10 of the Dungeon
  9071 | D:10     | Noticed a cyclops
  9077 | D:10     | Killed a cyclops
  9218 | D:10     | Paralysed by a hornet for 3 turns
  9416 | D:11     | Noticed a deep elf pyromancer
  9416 | D:11     | Noticed a death knight
  9416 | D:11     | Noticed a boulder beetle
  9417 | D:11     | Noticed a cane toad
  9418 | D:11     | Noticed a centaur warrior
  9418 | D:11     | Noticed a centaur warrior
  9420 | D:11     | Noticed a tengu warrior
  9421 | D:11     | Noticed an ice dragon
  9430 | D:10     | Killed a deep elf pyromancer
  9431 | D:10     | Reached skill level 10 in Invocations
  9585 | Orc:1    | Entered Level 1 of the Orcish Mines
  9599 | D:9      | Reached **** piety under Cheibriados
  9836 | Orc:1    | Reached XP level 11. HP: 97/97 MP: 16/19
  9855 | Orc:1    | Noticed a cyclops
  9878 | Orc:1    | Killed a cyclops
  9879 | Orc:1    | Reached skill level 5 in Translocations
 10361 | Orc:1    | Noticed an orc knight
 10379 | Orc:1    | Noticed an orc high priest
 10474 | Orc:2    | Entered Level 2 of the Orcish Mines
 10512 | Orc:1    | Killed an orc knight
 10663 | Orc:1    | Killed an orc high priest
 10664 | Orc:1    | Reached skill level 10 in Fighting
 10949 | Orc:2    | Noticed an ettin
 10963 | Orc:2    | Killed an ettin
 10963 | Orc:2    | Reached ***** piety under Cheibriados
 10964 | Orc:2    | Reached skill level 5 in Shields
 11328 | Orc:2    | Found a staircase to the Elven Halls.
 11526 | Orc:2    | Noticed Urug
 11542 | Orc:2    | Killed Urug
 11880 | Orc:2    | Noticed an orc sorcerer
 11888 | Orc:2    | Paralysed by an orc sorcerer for 2 turns
 11891 | Orc:2    | Killed an orc sorcerer
 11892 | Orc:2    | Reached XP level 12. HP: 108/108 MP: 17/21
 11898 | Orc:2    | Reached skill level 1 in Evocations
 11901 | Orc:2    | Noticed an ogre mage
 11906 | Orc:2    | Found Naamairgh's Jewellery Emporium.
 11918 | Orc:2    | Killed an ogre mage
 11990 | Orc:2    | Found an ancient bone altar of Kikubaaqudgha.
 11997 | Orc:2    | Gained mutation: You are clumsy. (Dex -2) [a neqoxec]
 12007 | Orc:2    | Noticed an ogre mage
 12010 | Orc:2    | Found Tuivoett's Distillery.
 12029 | Orc:2    | Paralysed by something for 4 turns
 12037 | Orc:2    | Killed an ogre mage
 12054 | Orc:2    | Noticed an ogre mage
 12412 | Orc:2    | Killed an ogre mage
 12419 | Orc:2    | Found a radiant altar of Vehumet.
 12423 | Orc:2    | Noticed an ogre mage
 12428 | Orc:2    | Found a roughly hewn altar of Beogh.
 12428 | Orc:2    | Found Emoz's Magic Scroll Shoppe.
 12429 | Orc:2    | Found Methehaun's Antique Armour Emporium.
 12439 | Orc:2    | Killed an ogre mage
 12476 | Orc:2    | Bought a potion of heal wounds for 75 gold pieces
 12606 | Orc:2    | Bought a scroll of acquirement for 780 gold pieces
 12607 | Orc:2    | Acquired the +7 kite shield of the Black Moon {rF++ Regen+
                  | Int-2 Dex+3}
 12862 | D:11     | Killed a tengu warrior
 13029 | Orc:2    | Bought an amulet of regeneration for 300 gold pieces
 13195 | D:11     | Killed a death knight
 13294 | D:11     | Found a staircase to the Lair.
 13298 | D:11     | Killed a centaur warrior
 13303 | D:11     | Killed a centaur warrior
 13304 | D:11     | Reached XP level 13. HP: 81/118 MP: 18/23
 13426 | D:11     | Killed an ice dragon
 14027 | D:12     | Identified the amulet "Onow" {RegenMP Regen+ Stlth+}
 14189 | D:12     | Mangled by an enormous slime creature

Illustrated notes

Levels and vault maps discovered:
D:1:      dpeg_arrival_rhombus, layout_basic
D:2:      minmay_general_purpose_star, layout_basic,
          shapermc_ecumenical_altar_venn
D:3:      layout_rooms, mainiacjoe_overflow_paths, uniq_natasha, uniq_robin,
          uniq_terence
D:4:      layout_loops_ring, temple_doors_cd, grunt_decor_cap,
          minmay_crystal_water
D:5:      layout_basic, uniq_duvessa, uniq_pikel
D:6:      layout_basic, uniq_sigmund
D:7:      layout_basic, serial_glass, glass_columns_a, glass_columns_b
D:8:      layout_gridville, kennysheep_generic_room_9
D:9:      lemuel_ice_statue, layout_stronghold, orc_0_dummy, uniq_harold
D:10:     layout_cross
D:11:     layout_irregular_city, david_lair_shrubbed, minivault_28
D:12:     layout_rooms, nicolae_shop_clearance
Temple:   nicolae_temple_the_god_donut
Orc:1:    layout_diamond_mine, nicolae_orc_lava_tube
Orc:2:    kennysheep_orc_mage_school, layout_caves, nooodl_orcs_dogs, uniq_urug

Skill      XL: |  1  2  3  4  5  6  7  8  9 10 11 12 13 |
---------------+----------------------------------------+-----
Axes           | 3 4 5 6 7 8 10 11 12 14 | 14.6
Fighting       | 4 6 8 9 10 12 | 12.8
Invocations    | 2 5 7 11 12 14 | 14.6
Armour         | 4 5 7 |  7.1
Dodging        | 1 |  1.3
Translocations | 4 5 |  5.2
Shields        | 5 7 8 |  8.8
Evocations     | 3 |  3.3

Action                   |  1- 3 |  4- 6 |  7- 9 | 10-12 | 13-15 || total
-------------------------+-------+-------+-------+-------+-------++-------
Melee: War axe           |    92 |   131 |   311 |   524 |   128 ||  1186
       Whip              |       |       |       |       |     8 ||     8
 Cast: Blink             |       |       |       |     1 |       ||     1
Invok: Bend Time         |       |       |       |     6 |     1 ||     7
       Slouch            |       |       |       |     2 |     1 ||     3
Evoke: Wand              |       |       |     1 |     3 |     3 ||     7
  Use: Scroll            |     5 |     6 |     8 |     9 |       ||    28
       Potion            |       |       |     1 |     5 |     4 ||    10
 Stab: Distracted        |       |       |       |     1 |       ||     1
       Invisible         |       |       |       |     7 |       ||     7
Armor: Scale mail        |    38 |    67 |   115 |       |       ||   220
       Ring mail         |       |       |    12 |   249 |    58 ||   319
Dodge: Dodged            |    46 |    42 |   109 |   188 |    45 ||   430
Block: Buckler           |    19 |    47 |   109 |   294 |       ||   469
       Reflection        |       |       |       |    14 |       ||    14
       Kite shield       |       |       |       |    86 |   183 ||   269

Table legend: (Time is in decaauts)
 A = Elapsed time spent in this place.
 B = Non-inter-level travel time spent in this place.
 C = Inter-level travel time spent in this place.
 D = Time resting spent in this place.
 E = Time spent auto-exploring this place.
 F = Levels seen in this place.
 G = Mean time per level.
                   A        B        C        D        E       F      G
               +--------+--------+--------+--------+--------+-----+--------+
         Total |  18143 |  16499 |   1644 |   1946 |  11606 |  15 | 1209.5 |
       Dungeon |  13786 |  12525 |   1261 |    878 |   9673 |  12 | 1148.8 |
        Temple |    288 |    238 |     50 |      0 |    222 |   1 |  288.0 |
  Orcish Mines |   4067 |   3735 |    332 |   1068 |   1710 |   2 | 2033.5 |
               +--------+--------+--------+--------+--------+-----+--------+

Top non-repeatable levels by time:
   Orc:2: 2496 daAuts
     D:9: 1647 daAuts
     D:6: 1611 daAuts
   Orc:1: 1571 daAuts
    D:11: 1527 daAuts
     D:7: 1281 daAuts
     D:2: 1260 daAuts
     D:5: 1133 daAuts
     D:8: 1130 daAuts
     D:1: 1086 daAuts
     D:4: 1058 daAuts
    D:10: 882 daAuts
     D:3: 797 daAuts
    D:12: 370 daAuts
  Temple: 288 daAuts
